 Dungeon Crawl Stone Soup version 0.23-a0-402-g64599a1 (webtiles) character file.

1980495 iamserjio the Imperceptible (level 27, 189/189 HPs)
             Began as an Octopode Wanderer on Nov 3, 2018.
             Was the Champion of Hepliaklqana.
             Escaped with the Orb
             ... and 4 runes on Nov 4, 2018!
             The game lasted 05:40:51 (98586 turns).

iamserjio the Imperceptible (Octopode Wanderer)    Turns: 98586, Time: 05:40:52

Health: 189/189    AC:  6    Str: 13    XL:     27
Magic:  37/37      EV: 46    Int: 25    God:    Hepliaklqana [******]
Gold:   469        SH: 27    Dex: 19    Spells: 6/44 levels left

rFire    + . .     SeeInvis +   a - +7 demon trident (freeze)
rCold    + . .     Gourm    .   R - +5 shield {rN+}
rNeg     + . .     Faith    .   g - +3 crown of Dyrovepreva {rElec Int+2 SInv}
rPois    .         Spirit   .   T - brooch of Shielding {Reflect SH+8}
rElec    +         Reflect  +   q - ring of Phasing {EV+8}
rCorr    .         Harm     .   H - ring "Wiceegec" {+Inv Dex+4 Stlth+}
MR       +++..                  M - +5 ring of evasion
Stlth    ++++......             Q - ring of Qenisut {Int+3 Slay+4}
HPRegen  0.41/turn              N - +4 ring of evasion
MPRegen  0.25/turn              o - ring of fire
                                X - ring of protection from magic
                                w - ring of the First Gods {+Blink +Fly rElec rC++ Dex-2}

@: deflect missiles
A: almost no armour, stealthy swim, amphibious, 8 rings, constrict 8, reduced
essence, tentacle spike 1, icy blue scales 1, camouflage 1, gelatinous body 1
0: Orb of Zot
}: 4/15 runes: decaying, slimy, silver, gossamer
a: Recall Ancestor, Ancestor Identity, Transference, Idealise, Renounce
Religion, Evoke Blink, Evoke Invisibility, Evoke Flight


You escaped.
You worshipped Hepliaklqana.
Hepliaklqana was exalted by your worship.
You were hungry.

You visited 11 branches of the dungeon, and saw 55 of its levels.
You visited the Abyss 3 times.
You visited 1 ziggurat, and saw 4 of its levels.
You also visited: Bailey.

You collected 8481 gold pieces.
You spent 8012 gold pieces at shops.

Inventory:

Hand Weapons
 a - a +7 demon trident of freezing (weapon)
 S - a +9 demon whip of electrocution
Missiles
 k - 3 throwing nets (quivered) {!f}
Armour
 g - the +3 crown of Dyrovepreva (worn) {rElec Int+2 SInv}
   (You found it on level 3 of the Elven Halls)

   It affects your intelligence (+2).
   It insulates you from electricity.
   It lets you see invisible.
 R - a +5 shield of positive energy (worn)
Jewellery
 d - a +3 ring of protection
 i - an uncursed ring of wizardry
 m - an uncursed amulet of the acrobat
 o - a ring of fire (on tentacle)
 q - the ring of Phasing (left tentacle) {EV+8}
   (You found it on level 5 of the Pits of Slime)

   [ring of evasion]

   It affects your evasion (+8).
 w - the ring of the First Gods (on tentacle) {+Blink +Fly rElec rC++ Dex-2}
   (You found it on level 5 of the Pits of Slime)

   [ring of flight]

   It affects your dexterity (-2).
   It greatly protects you from cold.
   It insulates you from electricity.
   It lets you fly.
   It lets you blink.
 D - an uncursed ring of resist corrosion
 H - the ring "Wiceegec" (right tentacle) {+Inv Dex+4 Stlth+}
   (You found it on level 5 of the Dungeon)

   [ring of stealth]

   It affects your dexterity (+4).
   It lets you turn invisible.
   It makes you more stealthy.
 M - a +5 ring of evasion (on tentacle)
 N - a +4 ring of evasion (on tentacle)
 Q - the ring of Qenisut (on tentacle) {Int+3 Slay+4}
   (You acquired it on level 3 of the Vaults)

   [ring of slaying]

   It affects your intelligence (+3).
   It affects your accuracy and damage with ranged weapons and melee attacks
   (+4).
 T - the brooch of Shielding (around mantle) {Reflect SH+8}
   (You found it on level 3 of a ziggurat)

   [amulet of reflection]

   It shields you and reflects attacks.
   It affects your SH (+8).
 X - a ring of protection from magic (on tentacle)
 Y - the ring "Qacysch" {rPois Int+3}
   (You bought it in a shop on level 3 of the Elven Halls)

   [ring of poison resistance]

   It affects your intelligence (+3).
   It protects you from poison.
Wands
 s - a wand of digging (4)
 y - a wand of iceblast (6)
 B - a wand of clouds (5)
 G - a wand of scattershot (9)
 I - a wand of enslavement (7)
 K - a wand of acid (16)
 Z - a wand of paralysis (6)
Scrolls
 l - 3 scrolls of magic mapping
 p - 7 scrolls of teleportation
 r - 10 scrolls of identify {@r1}
 v - 6 scrolls of fog
 C - 11 scrolls of fear
 L - 4 scrolls of blinking
 W - 3 scrolls of silence
Potions
 b - 14 potions of curing {@q1}
 c - a potion of lignification
 j - a potion of ambrosia
 n - 8 potions of resistance
 t - a potion of haste
 u - 3 potions of heal wounds
 x - 6 potions of mutation
 z - 4 potions of might
 J - a potion of invisibility
 O - a potion of cancellation
 P - 9 potions of brilliance
 V - 3 potions of magic
Miscellaneous
 e - a lightning rod (4/4)
 h - 4 sacks of spiders
 A - a phial of floods
 E - a fan of gales
 F - 6 boxes of beasts
 U - 3 phantom mirrors
Comestibles
 f - 41 rations


   Skills:
 - Level 23.0 Fighting
 - Level 14.0 Maces & Flails
 - Level 14.0 Polearms
 * Level 3.5 Throwing
 - Level 18.0 Dodging
 - Level 25.0 Stealth
 - Level 15.0 Shields
 - Level 9.0 Spellcasting
   Level 1.2 Conjurations
 - Level 7.0 Hexes
 - Level 6.0 Charms
 - Level 13.0 Summonings
 - Level 2.0 Necromancy
 - Level 2.0 Translocations
 - Level 2.0 Transmutations
 - Level 2.0 Ice Magic
 - Level 8.0 Air Magic
 - Level 2.0 Earth Magic
   Level 2.1 Poison Magic
 - Level 12.8 Invocations
 + Level 20.3 Evocations


You had 6 spell levels left.
You knew the following spells:

 Your Spells              Type           Power        Failure   Level  Hunger
a - Shadow Creatures      Summ           N/A          4%          6    ######.
b - Ozocubu's Armour      Chrm/Ice       ####....     3%          3    None
d - Regeneration          Chrm/Necr      ####......   3%          3    None
e - Summon Lightning Spi  Summ/Air       ######..     1%          4    ##.....
f - Passwall              Tmut/Erth      ###.....     3%          2    None
g - Animate Skeleton      Necr           N/A          2%          1    None
h - Apportation           Tloc           ###...       2%          1    None
i - Shroud of Golubria    Chrm/Tloc      ####......   1%          2    None
j - Deflect Missiles      Chrm/Air       #####.....   43%         6    ######.
k - Silence               Hex/Air        #####.....   7%          5    ####...
l - Blink                 Tloc           N/A          3%          2    None
m - Swiftness             Chrm/Air       #####...     1%          2    None
n - Summon Butterflies    Summ           ######..     1%          1    None

Your spell library contained the following spells:

 Spells                   Type           Power        Failure   Level  Hunger
 Confusing Touch          Hex            #####.       1%          1    None
 Corona                   Hex            #####..      1%          1    None
 Summon Small Mammal      Summ           ####         1%          1    None
 Call Imp                 Summ           ######..     1%          2    None
 Ensorcelled Hibernation  Hex/Ice        ####..       1%          2    None
 Poisonous Vapours        Pois/Air       #####.       1%          2    None
 Slow                     Hex            #####...     1%          2    None
 Confuse                  Hex            #####...     1%          3    None
 Recall                   Summ/Tloc      N/A          1%          3    None
 Summon Guardian Golem    Hex/Summ       ######..     1%          3    None
 Tukima's Dance           Hex            #####...     1%          3    None
 Summon Demon             Summ           ######....   1%          5    ####...
 Beastly Appendage        Tmut           ###...       2%          1    None
 Freeze                   Ice            ###.         2%          1    None
 Pain                     Necr           ###.         2%          1    None
 Sandblast                Erth           ###...       2%          1    None
 Sting                    Conj/Pois      ###.         2%          1    None
 Portal Projectile        Hex/Tloc       ####..       2%          3    None
 Static Discharge         Conj/Air       ####....     2%          3    None
 Magic Dart               Conj           ###.         3%          1    None
 Corpse Rot               Necr           N/A          3%          2    None
 Sublimation of Blood     Necr           ###.......   3%          2    None
 Dazzling Spray           Conj/Hex       ####..       3%          3    None
 Inner Flame              Hex/Fire       #####...     3%          3    None
 Mephitic Cloud           Conj/Pois/Air  ####....     3%          3    None
 Cause Fear               Hex            #####.....   3%          4    ##.....
 Flame Tongue             Conj/Fire      ###..        4%          1    None
 Searing Ray              Conj           ###...       4%          2    None
 Throw Flame              Conj/Fire      ###...       6%          2    None
 Gell's Gravitas          Tloc           ###.......   7%          3    None
 Lesser Beckoning         Tloc           ###.......   7%          3    None
 Vampiric Draining        Necr           ###.......   7%          3    None
 Summon Forest            Summ/Tloc      #####.....   7%          5    ####...
 Stone Arrow              Conj/Erth      ###...       9%          3    None
 Leda's Liquefaction      Hex/Erth       ####......   9%          4    ##.....
 Ignite Poison            Fire/Tmut/Pois ####....     10%         3    None
 Fulminant Prism          Conj/Hex       ####......   10%         4    ##.....
 Conjure Flame            Conj/Fire      ###.....     13%         3    None
 Olgreb's Toxic Radiance  Pois           ###.....     22%         4    ##.....
 Lightning Bolt           Conj/Air       ####......   22%         5    ####...
 Animate Dead             Necr           N/A          24%         4    ##.....
 Ice Form                 Ice/Tmut       ###.....     24%         4    ##.....
 Petrify                  Tmut/Erth      ###.....     24%         4    ##.....
 Metabolic Englaciation   Hex/Ice        ####......   24%         5    ####...
 Yara's Violent Unravell  Hex/Tmut       ####......   24%         5    ####...
 Force Lance              Conj/Tloc      ###.....     28%         4    ##.....
 Excruciating Wounds      Chrm/Necr      ####......   28%         5    ####...
 Iskenderun's Mystic Bla  Conj           ###.....     32%         4    ##.....
 Sticky Flame             Conj/Fire      ###.....     38%         4    ##.....
 Darkness                 Hex            #####.....   43%         6    ######.
 Invisibility             Hex            #####...     43%         6    ######.
 Agony                    Necr           ###.....     54%         5    ####...
 Alistair's Intoxication  Tmut/Pois      ###.....     54%         5    ####...
 Borgnjor's Vile Clutch   Necr/Erth      ###.......   54%         5    ####...
 Dispel Undead            Necr           ###.....     54%         5    ####...
 Lee's Rapid Deconstruct  Erth           ###.......   54%         5    ####...
 Venom Bolt               Conj/Pois      ###.......   58%         5    ####...
 Bolt of Draining         Conj/Necr      ###.......   61%         5    ####...
 Irradiate                Conj/Tmut      ###.......   61%         5    ####...
 Bolt of Magma            Conj/Fire/Erth ###.......   69%         5    ####...
 Fireball                 Conj/Fire      ###.......   75%         5    ####...
 Conjure Ball Lightning   Conj/Air       ####......   77%         6    ######.
 Freezing Cloud           Conj/Ice/Air   ####......   88%         6    ######.
 Dispersal                Tloc           ###.......   98%         6    ######.
 Hydra Form               Tmut           ###.......   98%         6    ######.
 Ozocubu's Refrigeration  Ice            ###.......   98%         6    ######.
 Simulacrum               Ice/Necr       ###.......   98%         6    ######.
 Bolt of Cold             Conj/Ice       ###.......   99%         6    ######.
 Iron Shot                Conj/Erth      ###.......   99%         6    ######.
 Summon Hydra             Summ           ######....   22%         7    #######
 Ring of Flames           Chrm/Fire      #####.....   100%        7    #######
 Controlled Blink         Tloc           N/A          100%        8    #######
 Discord                  Hex            #####.....   100%        8    #######
 Disjunction              Tloc           ###.......   100%        8    #######
 Ignition                 Fire           ###.......   100%        8    #######
 Shatter                  Erth           ###.......   100%        9    #######
 Tornado                  Air            ######....   100%        9    #######
 Passage of Golubria      Tloc           Unusable     N/A         4    N/A

Dungeon Overview and Level Annotations

Branches:
Dungeon (15/15)            Temple (1/1) D:5            Lair (6/6) D:11
  Swamp (4/4) Lair:2       Spider (4/4) Lair:2        Slime (5/5) Lair:6
    Orc (2/2) D:12            Elf (3/3) Orc:2        Vaults (5/5) D:13
  Crypt (0/3) Vaults:3     Depths (5/5) D:15            Zot (5/5) Depths:5

Altars:
Ashenzari
Cheibriados
Dithmenos
Elyvilon
Fedhas
Gozag
Hepliaklqana
Kikubaaqudgha
Makhleb
Nemelex Xobeh
Okawaru
Qazlal
Ru
Sif Muna
Trog
Uskayaw
Vehumet
Wu Jian
Xom
Yredelemnul
Zin
The Shining One
Jiyva

Shops:
D:5 }   D:9 =   D:12 [   D:15 *   Orc:2 *[%!   Elf:1 *   Elf:3 [=}=
Vaults:1 (   Vaults:2 %=   Vaults:3 ?   Depths:1 *

Portals:
Hell: Depths:1 Depths:2 Depths:3 Depths:4 Depths:5
Abyss: Depths:1 Depths:4
Pandemonium: Depths:3

Annotations:
D:11 1 exclusion
Swamp:3 exclusion: Roxanne, Roxanne
Depths:2 1 exclusion
Depths:3 3 runed doors
Zot:2 Tiamat
Zot:3 1 exclusion
Zot:4 1 exclusion


Innate Abilities, Weirdness & Mutations

You cannot wear most types of armour.
You are very stealthy in the water. (Stealth+)
You are amphibious.
You can wear up to eight rings at the same time.
You can use your tentacles to constrict eight enemies at once.
Your skin changes colour to match your surroundings (Stealth+).
Your rubbery body absorbs attacks. (AC +1, EV +1)
Your life essence is reduced to manifest your ancestor. (-10% HP)
One of your tentacles bears a spike.
You are partially covered in icy blue scales. (AC +2)


Message History

(V) Vaults (C) Crypt (U) Depths (H) Hell (Z) Zot
Where to? (Enter - D:1, ? - help)
What level of the Dungeon? (default 1, ? - help)
Okay, then.
You see here a +0 club.
Your extra speed is starting to run out.
You see here a +0 dagger.
You see here a robe.
There is an open door here.
You feel yourself slow down.
You see here a club.
HP restored.
Magic restored.
Your skin is crawling a little less now.
A torturous demonspawn comes into view. It is wielding a +0 morningstar.
The torturous demonspawn shouts!
Your skin stops crawling.
There is a staircase leading out of the dungeon here.
You have escaped!

#.# ########)###.# #..
#.# #.........##.######
#.# ###.###.###.##.##....
#.# #............#.##....
#.# #.#######..#.#..'....
#.###.#.....#..#.#.##....
#......6....#..#.#.##....
#..#######..#..#.#.##....
#..#....@#..#..#...##....
#..#..#.....#..##..######
#..#..#######..##..#
#..#...........##.>#####
#..#.....#.###.........##
##.#######.# #########.##
#.........# #.##
########### #.##
#############.##


There were no monsters in sight!

Vanquished Creatures
  3 orbs of fire (Zot:5)
  Mara (Vaults:4)
  An ancient lich (Zot:4)
  A curse toe (Zot:3)
  2 Killer Klowns (Zot:5)
  6 golden dragons
  A bone dragon (Abyss:3)
  2 electric golems (Zot:5)
  2 Tzitzimimeh
  9 tentacled monstrosities
  15 Orb Guardians
  A lich (Depths:3)
  2 deep elf blademasters
  6 quicksilver dragons
  6 titans
  4 acid blobs
  5 sphinxes
  2 tentacled starspawn
  4 death cobs
  5 shadow dragons
  Agnes (Spider:3)
  A storm dragon (shapeshifter) (Vaults:5)
  2 draconian monks
  6 tengu reavers
  14 storm dragons
  12 frost giants
  9 fire giants
  4 azure jellies
  An orc warlord (Vaults:4)
  10 vault wardens
  Louise (Spider:2)
  13 deep elf sorcerers
  2 draconian knights (Zot:2)
  2 draconian scorchers
  2 emperor scorpions
  A balrug (Depths:3)
  A ghost moth (Spider:2)
  6 draconian annihilators
  5 draconian shifters
  3 draconian stormcallers
  2 reapers
  2 war gargoyles
  4 deep elf elementalists
  10 stone giants
  13 ironheart preservers
  11 very ugly things
  4 deep elf demonologists
  5 black draconians
  A vampire knight (Depths:2)
  7 deep elf annihilators
  2 white draconians (Zot:3)
  10 green draconians
  5 purple draconians
  A pale draconian (Depths:5)
  12 red draconians
  7 yellow draconians
  5 death oozes
  4 spark wasps
  A blizzard demon (Zot:1)
  6 deep elf death magi (Elf:3)
  A fire dragon (shapeshifter) (Vaults:5)
  16 ettins
  7 fire dragons
  8 deep elf high priests
  3 great orbs of eyes
  Josephine (Lair:5)
  9 yaktaur captains
  10 hydras
  3 rakshasas
  An ice dragon (Depths:3)
  23 vault guards
  A hell beast (D:9)
  The ghost of George the Commander, a journeyman DsGl of Okawaru (D:10)
  A shambling mangrove (Swamp:3)
  A spriggan air mage (Depths:2)
  An anaconda (shapeshifter) (Vaults:1)
  8 centaur warriors
  A death knight (Vaults:1)
  59 two-headed ogres
  13 dancing weapons
  4 alligators
  7 tengu warriors
  5 deep troll shamans
  3 deep troll earth magi
  2 spriggan berserkers (Depths:3)
  3 hell hogs (Depths:1)
  17 ogre magi
  5 orc high priests
  26 deep elf knights
  A thrashing horror (Abyss:2)
  A soul eater (Depths:3)
  8 hell knights
  4 sun demons
  2 skeletal warriors (D:14)
  A storm dragon skeleton (Abyss:2)
  5 iron trolls
  2 sea snakes (shapeshifter)
  A sixfirhy (Abyss:2)
  A spriggan druid (Swamp:4)
  2 wretched stars (Abyss:2)
  9 unseen horrors
  4 flayed ghosts
  27 deep trolls
  2 death drakes (shapeshifter)
  An unseen horror (shapeshifter) (Vaults:3)
  A shadow wraith (Zig:2)
  2 glowing orange brains
  3 swamp dragons
  6 wizards
  3 phantasmal warriors
  2 harpies
  8 deep elf archers
  14 ironbrand convokers
  Pikel (D:7)
  4 necromancers
  11 orb spiders
  8 large abominations (Abyss:2)
  4 cyclopes
  A knight (Vaults:5)
  56 deep elf magi
  18 orc knights
  22 wolf spiders
  A manticore (Lair:6)
  20 ugly things
  8 orc sorcerers
  3 oklob plants (Lair:1)
  A frost giant skeleton (Depths:3)
  2 centaur zombies
  A fire giant skeleton (Vaults:3)
  A worldbinder (Abyss:2)
  19 moths of wrath
  2 human skeletons (Vaults:3)
  A guardian serpent (Abyss:2)
  3 smoke demons (Abyss:2)
  9 vault sentinels
  3 black mambas
  A torpor snail (Lair:6)
  8 spiny frogs
  2 gargoyles (D:11)
  6 freezing wraiths
  2 apocalypse crabs
  A human zombie (Vaults:3)
  A redback zombie (D:14)
  2 rime drakes
  34 yaktaurs
  5 komodo dragons
  A tormentor (D:14)
  8 demonic crawlers
  5 ice devils
  3 ancient zymes (Abyss:2)
  The ghost of Nico3ck the Conjurer, a novice GrWz of Okawaru (D:5)
  5 trolls
  A hellwing (Depths:3)
  3 tengu conjurers
  A queen bee (shapeshifter) (Vaults:5)
  A queen bee (D:10)
  20 jumping spiders
  14 hornets
  A tyrant leech (Swamp:1)
  A troll (shapeshifter) (Vaults:1)
  Grinder (D:3)
  A tengu simulacrum (Vaults:3)
  A hornet (shapeshifter) (Elf:2)
  5 bog bodies
  A harpy skeleton (D:15)
  13 blink frogs
  4 dream sheep
  4 hippogriffs
  4 raiju (Abyss:2)
  26 slime creatures
  A slime creature (shapeshifter) (Vaults:5)
  A fire dragon zombie (Abyss:2)
  A human simulacrum (Vaults:2)
  A wind drake (shapeshifter) (D:14)
  An air elemental (Elf:2)
  A centaur simulacrum (D:15)
  30 redbacks
  A spriggan (shapeshifter) (Vaults:1)
  3 shadows
  8 water elementals
  A spriggan (Swamp:2)
  Sigmund (D:2)
  2 ynoxinuls
  A hog (shapeshifter) (Depths:2)
  11 tarantellas
  4 wraiths
  A fire elemental (Elf:3)
  2 wyverns
  4 basilisks
  A fire bat (shapeshifter) (Depths:3)
  8 yaks
  2 fire bats (Abyss:2)
  A golden eye (shapeshifter) (Depths:4)
  2 golden eyes (Slime:4)
  A chaos spawn (Abyss:2)
  A steam dragon (shapeshifter) (Vaults:5)
  5 neqoxecs
  3 hungry ghosts
  5 vampire mosquitoes
  A steam dragon (Depths:5)
  A soldier ant (shapeshifter) (D:15)
  7 wargs
  4 insubstantial wisps
  2 soldier ants (D:9)
  8 swamp worms
  5 acid dragons
  8 water moccasins
  6 porcupines
  3 floating eyes
  5 small abominations
  10 hell hounds
  46 orc warriors
  2 ice beasts
  5 sky beasts
  8 swamp drakes
  A necrophage (D:9)
  A phantom (D:13)
  32 ogres
  An eye of draining (shapeshifter) (Vaults:5)
  22 boggarts
  12 wolves
  3 eyes of draining
  20 centaurs
  3 crocodiles
  A big kobold (D:8)
  A big kobold (shapeshifter) (Elf:3)
  A bullfrog (shapeshifter) (Depths:4)
  A wyvern zombie (D:8)
  12 bullfrogs
  2 earth elementals
  An ogre simulacrum (Vaults:1)
  4 scorpions
  5 wights
  8 killer bees
  A snapping turtle simulacrum (Abyss:2)
  2 electric eels
  4 howler monkeys
  13 crimson imps
  The ghost of p0werm0de the Caller, a weakling TeSu (D:5)
  A bullfrog zombie (D:13)
  2 quasits
  6 starcursed masses (Abyss:2)
  A bullfrog skeleton (D:13)
  21 orc priests
  7 centaur skeletons
  8 hounds
  4 jellies
  2 gnoll shamans
  Crazy Yiuf (D:2)
  Jessica (D:2)
  5 iguanas
  25 orc wizards
  10 worker ants
  2 wolf simulacra (Lair:5)
  A yak simulacrum (Lair:5)
  2 hound skeletons
  A mummy (Zig:4)
  17 gnolls
  A howler monkey skeleton (D:10)
  14 adders
  6 shadow imps
  A white imp (Vaults:2)
  An ooze (D:2)
  An adder skeleton (D:5)
  9 worms
  3 dart slugs
  6 leopard geckos
  113 orcs
  A ball python (D:3)
  15 giant cockroaches
  17 goblins
  17 hobgoblins
  12 jackals
  7 quokkas
  6 bats
  4 frilled lizards
  13 kobolds
  A leopard gecko skeleton (D:5)
  A quokka zombie (D:6)
  9 rats
  A river rat simulacrum (Lair:5)
  A bush (Abyss:3)
  A crawling corpse (Elf:3)
  A plant (Lair:1)
  A starspawn tentacle (Abyss:2)
1779 creatures vanquished.

Vanquished Creatures (collateral kills)
  the Royal Jelly (Slime:5)
  Tiamat (Zot:2)
  A juggernaut (Depths:2)
  4 Killer Klowns (Zot:5)
  5 golden dragons
  5 curse toes
  Nikola (Spider:3)
  Arachne (Spider:3)
  A Brimstone Fiend (Depths:3)
  An Ice Fiend (Depths:3)
  13 tentacled monstrosities
  2 deep elf master archers (Elf:3)
  13 Orb Guardians
  3 titans
  3 quicksilver dragons
  A sphinx (Depths:4)
  4 death cobs
  6 acid blobs
  A tentacled starspawn (Abyss:2)
  A thorn hunter (Swamp:4)
  5 storm dragons
  4 shadow dragons
  A draconian monk (Depths:5)
  2 tengu reavers
  4 azure jellies
  8 fire giants
  Donald (Elf:3)
  3 deep elf sorcerers (Elf:3)
  4 frost giants
  A vault warden (Vaults:3)
  7 emperor scorpions
  2 ghost moths (Spider:4)
  2 iron dragons
  4 draconian scorchers
  The ghost of SaintRoka the Markscentaur, a journeyman CeWn of Okawaru (Spider:1)
  A balrug (Depths:3)
  A draconian shifter (Zot:4)
  2 deep elf elementalists
  An orc warlord (Bailey)
  7 stone giants
  An ironheart preserver (Vaults:1)
  A draconian stormcaller (Depths:5)
  The ghost of wazuzu the Unseen, an adept VSEn of Zin (Swamp:1)
  A draconian annihilator (Zot:1)
  A reaper (Zig:4)
  A spriggan defender (Depths:2)
  2 entropy weavers
  5 very ugly things
  A green draconian (Zot:4)
  A vampire knight (Depths:4)
  A deep elf demonologist (Vaults:5)
  5 red draconians
  Azrael (Spider:3)
  5 black draconians
  A lorocyproca (Abyss:2)
  3 purple draconians
  6 white draconians
  2 deep elf annihilators (Elf:3)
  A spark wasp (Spider:2)
  A yellow draconian (Depths:5)
  2 deep elf death magi (Elf:3)
  5 ettins
  2 blizzard demons (Depths:3)
  3 yaktaur captains
  A quicksilver dragon zombie (Abyss:2)
  8 fire dragons
  2 death oozes
  A deep elf high priest (Elf:3)
  6 great orbs of eyes
  13 hydras
  5 vault guards
  A juggernaut simulacrum (Depths:3)
  2 ice dragons
  A ghost crab (Swamp:2)
  2 catoblepae (Lair:6)
  6 centaur warriors
  5 rakshasas
  2 alligators
  6 two-headed ogres
  10 deep troll shamans
  An orc high priest (Orc:1)
  A vampire mage (Abyss:2)
  3 ogre magi
  4 deep troll earth magi
  3 tengu warriors
  7 dancing weapons
  A thrashing horror (Abyss:2)
  3 spriggan berserkers
  4 hell knights
  7 deep elf knights
  3 sun demons (Depths:3)
  4 iron trolls
  A fire crab (shapeshifter) (D:13)
  A titan skeleton (Zig:4)
  2 large abominations (Abyss:2)
  5 skeletal warriors
  A manticore (Lair:6)
  11 deep trolls
  7 unseen horrors
  An unseen horror (shapeshifter) (D:13)
  A glowing orange brain (shapeshifter) (Vaults:1)
  7 swamp dragons
  6 lindwurms
  5 deep elf archers
  7 ironbrand convokers
  10 orb spiders
  2 necromancers
  8 orc knights
  3 harpies (Vaults:2)
  A cyclops (shapeshifter) (D:13)
  The ghost of galech the Chopper, a novice DsFi of Okawaru (D:7)
  12 wolf spiders
  6 shining eyes
  An iron dragon zombie (Depths:3)
  25 deep elf magi
  5 orc sorcerers
  14 ugly things
  An oklob plant (Lair:1)
  7 moths of wrath
  4 cyclopes
  A human skeleton (Vaults:3)
  An apocalypse crab (Abyss:2)
  A smoke demon (Abyss:2)
  4 black mambas
  2 torpor snails
  A centaur zombie (D:15)
  A spiny frog (shapeshifter) (Depths:3)
  A centaur skeleton (D:15)
  8 spiny frogs
  3 gargoyles
  3 rime drakes
  2 vault sentinels (Vaults:4)
  3 komodo dragons
  2 freezing wraiths
  3 ice devils
  18 yaktaurs
  10 demonic crawlers
  A tormentor (Depths:3)
  A hellwing (Abyss:2)
  A tengu conjurer (D:14)
  4 trolls
  An ancient zyme (Abyss:2)
  The ghost of Gergoth the Firebug, a novice GrFE of Vehumet (D:5)
  21 jumping spiders
  3 meliai (D:13)
  A polar bear (shapeshifter) (Abyss:2)
  7 hornets
  2 tyrant leeches
  5 dream sheep
  4 blink frogs
  6 hippogriffs
  4 raiju
  25 slime creatures
  3 bog bodies
  The ghost of feelmyfire the Insei, an amateur OpTm (D:5)
  5 shadows
  11 water elementals
  3 spriggans
  31 redbacks
  3 air elementals (Elf:3)
  3 basilisks
  3 wraiths (Lair:5)
  A ynoxinul (Depths:3)
  16 yaks
  13 tarantellas
  A human (shapeshifter) (Depths:2)
  Grum (D:8)
  2 chaos spawn (Abyss:2)
  6 vampire mosquitoes
  A hungry ghost (D:10)
  3 insubstantial wisps
  6 wargs
  10 swamp worms
  An acid dragon (D:15)
  A floating eye (shapeshifter) (Vaults:5)
  6 hell hounds
  A floating eye (Depths:3)
  4 porcupines
  7 water moccasins
  3 ice beasts
  8 swamp drakes
  30 orc warriors
  An eye of draining (Slime:3)
  A sky beast (D:11)
  16 ogres
  2 boggarts
  5 wolves
  4 crocodiles
  3 small abominations
  23 centaurs
  A big kobold (D:11)
  5 bullfrogs
  3 earth elementals
  2 wyvern skeletons
  2 scorpions
  2 killer bees (D:10)
  3 electric eels
  4 wights (D:12)
  A howler monkey (D:9)
  2 jellies
  4 crimson imps
  A hound (D:11)
  7 starcursed masses (Abyss:2)
  5 orc priests
  2 bullfrog skeletons
  An iguana (D:6)
  8 orc wizards
  3 yak simulacra (Lair:5)
  3 worker ants
  2 polar bear simulacra (Lair:5)
  A wolf simulacrum (Lair:5)
  5 adders
  2 gnolls (Bailey)
  A howler monkey skeleton (D:7)
  2 shadow imps
  A worm (Lair:2)
  28 orcs
  3 goblins (Bailey)
  3 hobgoblins (Bailey)
  A jackal (D:11)
  3 kobolds
  A river rat simulacrum (Lair:5)
  2 briar patches (Swamp:4)
  2 crawling corpses (Depths:4)
  3 demonic plants (Abyss:3)
  2 fungi (Lair:2)
  3 starspawn tentacles
963 creatures vanquished.

Vanquished Creatures (others)
  An electric golem (Zot:1)
  A ghost moth (Zot:5)
  A draconian annihilator (Zot:2)
  A draconian shifter (Zot:3)
  A red draconian (Depths:5)
  A pale draconian (Depths:5)
  A yaktaur captain (Vaults:4)
  A hydra (Swamp:4)
  A deep troll earth mage (Depths:2)
  A vampire mage (Abyss:2)
  A thrashing horror (Abyss:2)
  An orb spider (Spider:4)
  3 moths of wrath (Zot:5)
  A large abomination (Abyss:2)
  A smoke demon (Abyss:2)
  A yaktaur (Depths:1)
  A spriggan (Depths:5)
  A tarantella (Spider:1)
  A redback (Spider:1)
  A fire elemental (Spider:3)
  2 steam dragons (Depths:5)
  A water moccasin (D:8)
  A floating eye (shapeshifter) (Elf:3)
  3 slaves (D:7)
  An ogre (D:7)
  2 centaurs
  A bullfrog (D:7)
  An electric eel (Spider:3)
  A crimson imp (D:7)
  54 knights
  An ufetubus (Abyss:2)
  A bush (D:11)
  21 fungi
  A lurking horror (Abyss:2)
  36 plants
  5 starspawn tentacles
  2 withered plants (Swamp:1)
156 creatures vanquished.

Grand Total: 2898 creatures vanquished

Notes
Turn   | Place    | Note
-------+----------+-------------------------------------------
     0 | D:1      | iamserjio the Octopode Wanderer began the quest for the
                  | Orb.
     0 | D:1      | iamserjio set off with the following items: a lamp of fire,
                  | a potion of curing {@q1}, a +0 dagger, a ration; and the
                  | following spell memorised: Freeze; and the following spells
                  | available to memorise: Ozocubu's Armour
     0 | D:1      | Reached XP level 1. HP: 14/14 MP: 2/2
   434 | D:1      | Reached XP level 2. HP: 14/19 MP: 3/3
   871 | D:2      | Noticed Jessica
  1199 | D:2      | Reached XP level 3. HP: 24/24 MP: 4/4
  1333 | D:2      | Noticed Sigmund
  1835 | D:2      | Killed Jessica
  1835 | D:2      | Reached XP level 4. HP: 15/30 MP: 5/5
  2673 | D:2      | Found a runed door.
  2853 | D:2      | Learned a level 3 spell: Ozocubu's Armour
  2892 | D:3      | Reached XP level 5. HP: 34/36 MP: 6/6
  3322 | D:3      | Noticed Grinder
  3327 | D:3      | Killed Grinder
  3327 | D:3      | Reached skill level 1 in Maces & Flails
  3327 | D:3      | Reached skill level 1 in Charms
  3327 | D:3      | Reached XP level 6. HP: 42/42 MP: 7/7
  4084 | D:3      | Reached XP level 7. HP: 46/46 MP: 8/8
  4651 | D:4      | Reached skill level 5 in Dodging
  5083 | D:4      | Reached XP level 8. HP: 49/54 MP: 9/9
  5278 | D:4      | Reached skill level 5 in Fighting
  5528 | D:2      | Noticed Crazy Yiuf
  5533 | D:2      | Killed Crazy Yiuf
  5637 | D:2      | Killed Sigmund
  5734 | D:5      | Entered Level 5 of the Dungeon
  5852 | D:5      | Found a staircase to the Ecumenical Temple.
  6153 | Temple   | Entered the Ecumenical Temple
  6204 | Temple   | Became a worshipper of Hepliaklqana the Forgotten
  6215 | D:5      | Found a runed gate.
  6216 | D:5      | Found a runed gate.
  6216 | D:5      | Found a runed gate.
  6233 | D:5      | Noticed feelmyfire's ghost (amateur OpTm)
  6233 | D:5      | Noticed Nico3ck's ghost (novice GrWz)
  6234 | D:5      | Noticed Gergoth's ghost (novice GrFE)
  6237 | D:5      | Noticed p0werm0de's ghost (weakling TeSu)
  6272 | D:5      | Found Nurock's Gadget Shoppe.
  6307 | D:5      | Bought a wand of paralysis (9) for 154 gold pieces
  6383 | D:5      | Reached XP level 9. HP: 41/55 MP: 10/10
  6479 | D:5      | Got a steaming lapis lazuli ring
  6586 | D:5      | Identified the ring "Wiceegec" {+Inv Dex+4 Stlth+} (You
                  | found it on level 5 of the Dungeon)
  7375 | D:7      | Noticed Pikel
  7387 | D:7      | Killed Pikel
  7531 | D:7      | Reached * piety under Hepliaklqana
  7773 | D:7      | Reached skill level 5 in Evocations
  7974 | D:7      | Found a runed gate.
  7974 | D:7      | Found a runed gate.
  7983 | D:7      | Found a runed gate.
  8541 | D:7      | Noticed galech's ghost (novice DsFi)
  8599 | D:8      | Reached XP level 10. HP: 63/63 MP: 14/14
  8608 | D:8      | Reached ** piety under Hepliaklqana
  8611 | D:8      | Reached skill level 10 in Dodging
  8612 | D:8      | Remembered your ancestor ЯR as a knight
  8889 | D:8      | Noticed a centaur warrior
  9203 | D:8      | Reached skill level 1 in Invocations
  9353 | D:8      | Noticed Grum
  9377 | D:8      | Killed Grum
 10019 | D:8      | Killed an unseen horror
 10586 | D:9      | Found a hide-covered altar of Uskayaw.
 10586 | D:9      | Found Miss's Jewellery Emporium.
 10597 | D:9      | Bought an uncursed ring of poison resistance for 280 gold
                  | pieces
 10889 | D:9      | Killed an unseen horror
 11164 | D:9      | Reached XP level 11. HP: 70/70 MP: 17/17
 11175 | D:9      | Noticed a two-headed ogre
 11431 | D:9      | Killed a two-headed ogre
 11911 | D:9      | Noticed an orb spider
 11912 | D:9      | an orb spider changed into a wind drake
 11938 | D:9      | Noticed a sea snake
 11944 | D:9      | Killed a sea snake
 12137 | D:9      | Found a sacrificial altar of Ru.
 12226 | D:10     | Entered Level 10 of the Dungeon
 12369 | D:10     | Learned a level 3 spell: Mephitic Cloud
 12536 | D:10     | Reached skill level 1 in Air Magic
 12666 | D:10     | Found a transporter.
 12668 | D:10     | Found a transporter.
 12670 | D:10     | Noticed George's ghost (journeyman DsGl)
 12705 | D:10     | Reached *** piety under Hepliaklqana
 12737 | D:10     | Reached skill level 1 in Poison Magic
 13151 | D:8      | Killed a centaur warrior
 13151 | D:8      | Reached skill level 1 in Conjurations
 13278 | D:8      | Noticed a cyclops
 13523 | D:8      | Got a crude flail
 13541 | D:8      | Killed a cyclops
 13587 | D:8      | Got an iridescent short sword
 13595 | D:8      | Identified the +5 short sword "Qejoak" {speed, +Inv rN+ MR+
                  | Int-4} (You found it on level 8 of the Dungeon)
 13596 | D:8      | Identified the cursed +1 flail "Beetlebane" {flame, rC+
                  | Dex+4} (You found it on level 8 of the Dungeon)
 13728 | D:11     | Noticed a red ugly thing
 13741 | D:11     | Killed a red ugly thing
 13830 | D:11     | Found a staircase to the Lair.
 13866 | D:11     | Reached XP level 12. HP: 28/77 MP: 18/18
 15113 | D:5      | Killed Nico3ck's ghost
 15120 | D:5      | Killed feelmyfire's ghost
 15120 | D:5      | Reached skill level 10 in Fighting
 15125 | D:5      | Killed p0werm0de's ghost
 15125 | D:5      | Killed Gergoth's ghost
 15252 | D:7      | Killed galech's ghost
 15468 | Lair:1   | Entered Level 1 of the Lair of Beasts
 15578 | Lair:1   | Noticed a seven-headed hydra
 15644 | Lair:1   | Killed a seven-headed hydra
 16424 | Lair:2   | Found a hole to the Spider Nest.
 16820 | Lair:2   | Reached **** piety under Hepliaklqana
 17088 | Lair:2   | Noticed a five-headed hydra
 17105 | Lair:2   | Killed a five-headed hydra
 17105 | Lair:2   | Reached skill level 5 in Air Magic
 17274 | Lair:2   | Reached XP level 13. HP: 30/82 MP: 10/19
 17498 | Lair:2   | Got an ancient war axe
 17499 | Lair:2   | Identified the +9 war axe of Dawn {distort, rC+} (You found
                  | it on level 2 of the Lair of Beasts)
 18074 | Lair:2   | Found a staircase to the Swamp.
 18309 | Lair:2   | Learned a level 3 spell: Confuse
 18496 | Lair:3   | Reached skill level 5 in Polearms
 18502 | Lair:3   | Reached skill level 5 in Shields
 20620 | Lair:4   | Reached ***** piety under Hepliaklqana
 21100 | Lair:4   | Identified a scroll of acquirement
 22393 | Lair:5   | Reached skill level 10 in Shields
 23298 | Lair:5   | Noticed Josephine
 23329 | Lair:5   | Killed Josephine
 23329 | Lair:5   | Reached XP level 14. HP: 38/89 MP: 10/20
 23812 | Lair:6   | Entered Level 6 of the Lair of Beasts
 25455 | Lair:6   | Found a viscous altar of Jiyva.
 25456 | Lair:6   | Found a staircase to the Slime Pits.
 26796 | Lair:1   | Identified the Papyrus of Floating Transmigration
 26837 | Lair:1   | Learned a level 4 spell: Summon Lightning Spire
 26840 | Lair:1   | Learned a level 2 spell: Passwall
 26936 | D:9      | Bought an uncursed ring of wizardry for 420 gold pieces
 27298 | D:12     | Learned a level 1 spell: Animate Skeleton
 27300 | D:12     | Learned a level 1 spell: Apportation
 27336 | D:12     | Found a staircase to the Orcish Mines.
 27336 | D:12     | Found Feimis's Armour Emporium.
 27362 | D:12     | Reached skill level 1 in Summonings
 27524 | D:12     | Reached skill level 1 in Necromancy
 28173 | D:12     | Learned a level 1 spell: Confusing Touch
 29164 | D:13     | Found a gate to the Vaults.
 30297 | D:14     | Reached XP level 15. HP: 92/92 MP: 21/21
 30789 | D:14     | Reached skill level 5 in Summonings
 32007 | D:15     | Entered Level 15 of the Dungeon
 32452 | D:15     | Found a runed door.
 32564 | D:15     | Noticed a fire giant
 33082 | D:15     | Reached skill level 15 in Shields
 33112 | D:15     | Found a staircase to the Depths.
 33724 | D:15     | Reached skill level 5 in Spellcasting
 34072 | D:15     | Killed a fire giant
 34294 | D:15     | Found Wooseuth's General Store.
 34302 | D:15     | Bought a wand of acid (7) for 374 gold pieces
 34302 | D:15     | Bought a potion of berserk rage for 85 gold pieces
 34668 | D:15     | Identified the Almanac of Burning Flight
 35412 | D:15     | Learned a level 6 spell: Deflect Missiles
 35515 | Orc:1    | Entered Level 1 of the Orcish Mines
 35527 | D:12     | Reached XP level 16. HP: 102/102 MP: 24/24
 35575 | Orc:1    | Found a flagged portal.
 35589 | Bailey   | Entered a bailey
 36218 | Bailey   | Reached XP level 17. HP: 108/108 MP: 26/26
 36381 | Bailey   | Reached XP level 18. HP: 117/117 MP: 27/27
 37077 | Orc:2    | Entered Level 2 of the Orcish Mines
 37590 | Orc:2    | Found Noluuk's Distillery.
 37610 | Orc:2    | Bought a potion of invisibility for 136 gold pieces
 37748 | Orc:2    | Found a staircase to the Elven Halls.
 38348 | Orc:2    | Found Byuq's Food Boutique.
 38348 | Orc:2    | Found Qathean's Assorted Antiques.
 38354 | Orc:2    | Found Soodgh's Armour Emporium.
 38358 | Orc:2    | Found Oraus's Gadget Emporium.
 38425 | Orc:2    | Bought a potion of heal wounds for 130 gold pieces
 38425 | Orc:2    | Bought a twisted amethyst amulet for 130 gold pieces
 38425 | Orc:2    | Bought a scroll of identify for 52 gold pieces
 38625 | D:10     | Killed George's ghost
 38949 | D:5      | Bought a sack of spiders for 280 gold pieces
 38949 | D:5      | Bought a sack of spiders for 280 gold pieces
 39134 | Spider:1 | Entered Level 1 of the Spider Nest
 39900 | Spider:1 | Learned a level 4 spell: Passage of Golubria
 40208 | Spider:1 | Reached skill level 1 in Translocations
 40368 | Spider:1 | Found a runed door.
 40428 | Spider:1 | Noticed SaintRoka's ghost (journeyman CeWn)
 41176 | Spider:2 | Noticed Louise
 41186 | Spider:2 | Reached skill level 10 in Polearms
 41201 | Spider:2 | Killed Louise
 41532 | Spider:2 | HP: 5/117 [jumping spider (7)]
 42708 | Spider:3 | Identified the +0 pair of gloves "Trusted Companion" {rElec
                  | Int+4}
 42708 | Spider:3 | Noticed Nikola
 43618 | Spider:3 | Reached XP level 19. HP: 96/122 MP: 27/28
 43659 | Spider:3 | Killed Nikola
 43733 | Spider:3 | Noticed Agnes
 43792 | Spider:3 | Killed Agnes
 43973 | Spider:3 | Noticed Azrael
 44005 | Spider:3 | Killed Azrael
 44357 | Spider:3 | Noticed Arachne
 44372 | Spider:3 | Killed Arachne
 44372 | Spider:3 | Reached skill level 15 in Fighting
 44732 | Spider:4 | Entered Level 4 of the Spider Nest
 45959 | Spider:4 | Reached skill level 15 in Dodging
 46558 | Spider:4 | Got a gossamer rune of Zot
 46809 | Spider:1 | Killed SaintRoka's ghost
 47163 | Swamp:1  | Entered Level 1 of the Swamp
 47449 | Swamp:1  | Found a runed door.
 47470 | Swamp:1  | Noticed wazuzu's ghost (adept VSEn)
 47838 | Swamp:1  | Killed wazuzu's ghost
 47924 | Swamp:1  | Identified the Catalogue of Good Luck and Translocation
 49030 | Swamp:3  | Reached XP level 20. HP: 134/134 MP: 29/29
 49230 | Swamp:3  | Noticed Roxanne
 49505 | Swamp:4  | Entered Level 4 of the Swamp
 49631 | Swamp:4  | Reached ****** piety under Hepliaklqana
 49663 | Swamp:4  | Reached skill level 5 in Charms
 49926 | Swamp:4  | Got a decaying rune of Zot
 50489 | Elf:1    | Entered Level 1 of the Elven Halls
 51218 | Elf:1    | Identified the Incunabulum of Calling
 51242 | Elf:1    | Learned a level 2 spell: Blink
 51245 | Elf:1    | Learned a level 2 spell: Swiftness
 51262 | Elf:1    | Found Waigoir's Assorted Antiques.
 52489 | Elf:2    | Found a huge runed gate.
 52489 | Elf:2    | Found a huge runed gate.
 52490 | Elf:2    | Found a huge runed gate.
 52490 | Elf:2    | Found a huge runed gate.
 52490 | Elf:2    | Found a huge runed gate.
 52607 | Elf:2    | Found a deep blue altar of Sif Muna.
 52992 | Elf:3    | Entered Level 3 of the Elven Halls
 53099 | Elf:3    | Found Ceycolaq's Antique Armour Shoppe.
 53312 | Elf:3    | Found Seqit's Jewellery Boutique.
 53312 | Elf:3    | Found Sulipp's Gadget Shoppe.
 53313 | Elf:3    | Found Oruuc's Jewellery Boutique.
 53328 | Elf:3    | Bought a wand of iceblast (6) for 160 gold pieces
 54259 | Elf:3    | Reached XP level 21. HP: 127/141 MP: 31/33
 54315 | Elf:3    | Cast into level 2 of the Abyss (a deep elf sorcerer)
 54364 | Abyss:2  | Learned a level 2 spell: Sublimation of Blood
 54472 | Abyss:2  | Found a corrupted altar of Lugonu.
 54760 | Abyss:2  | Paralysed by accursed screaming for 1 turns
 54975 | Elf:3    | Escaped the Abyss
 55116 | Elf:3    | Identified the amulet of the Trilobite {Faith -Tele +Fly
                  | rElec Dex+4}
 55177 | Elf:3    | Identified the +10 scimitar "Wogeog" {venom, rN+++ MR+
                  | Str+4 Int-2}
 55198 | Elf:3    | Identified the ring "Jafish" {*Slow rC++ Str+6 Stlth+}
 55264 | Elf:3    | Cast into level 2 of the Abyss (a deep elf demonologist)
 55346 | Abyss:2  | Found a corrupted altar of Lugonu.
 55708 | Abyss:2  | Gained mutation: Your magical capacity is low. (-10% MP) [a
                  | shining eye]
 55961 | Abyss:2  | Found a corrupted altar of Lugonu.
 56007 | Abyss:2  | Paralysed by accursed screaming for 1 turns
 56025 | Elf:3    | Escaped the Abyss
 56177 | Elf:3    | Noticed Donald
 56369 | Elf:3    | Cast into level 3 of the Abyss (a deep elf sorcerer)
 56377 | Abyss:3  | Noticed a bone dragon
 56428 | Abyss:3  | Killed a bone dragon
 56439 | Abyss:3  | Gained mutation: You are weak. (Str -2) [a neqoxec]
 56517 | Elf:3    | Escaped the Abyss
 56736 | Elf:3    | Killed Donald
 56883 | Elf:3    | Found the +3 crown of Dyrovepreva {rElec Int+2 SInv}
 57248 | Elf:3    | Identified the cursed +0 flail of Zethru Nuir {flame, -Tele
                  | rF- MR++ Dex+8} (You found it on level 3 of the Elven
                  | Halls)
 57438 | Elf:3    | Reached skill level 10 in Evocations
 57609 | Elf:3    | Bought the ring "Qacysch" {rPois Int+3} for 699 gold pieces
 57609 | Elf:3    | Bought an uncursed ring of protection from magic for 525
                  | gold pieces
 57614 | Elf:3    | Lost mutation: You are weak. (Str -2) [potion of mutation]
 57614 | Elf:3    | Lost mutation: Your magical capacity is low. (-10% MP)
                  | [potion of mutation]
 57614 | Elf:3    | Gained mutation: One of your tentacles bears a spike.
                  | [potion of mutation]
 57614 | Elf:3    | Gained mutation: Your spells are a little harder to cast,
                  | but a little more powerful. [potion of mutation]
 57614 | Elf:3    | Gained mutation: Your muscles are strong. (Str +2) [potion
                  | of mutation]
 57614 | Elf:3    | Gained mutation: You are partially covered in icy blue
                  | scales. (AC +2) [potion of mutation]
 58124 | Elf:2    | Learned a level 6 spell: Shadow Creatures
 58200 | Elf:2    | Reached XP level 22. HP: 153/153 MP: 34/34
 59041 | Depths:1 | Entered Level 1 of the Depths
 59336 | Depths:1 | Found Iskiethra's General Store.
 59348 | Depths:1 | Bought a scroll of teleportation for 42 gold pieces
 60138 | Depths:1 | Found a gateway to Hell.
 60540 | Depths:1 | Found a one-way gate to the infinite horrors of the Abyss.
 61568 | Depths:2 | Noticed a juggernaut
 61568 | Depths:2 | Noticed a golden dragon
 61600 | Depths:2 | Killed a juggernaut
 61626 | Depths:2 | Killed a golden dragon
 61947 | Depths:2 | Reached XP level 23. HP: 160/160 MP: 35/35
 62498 | Depths:2 | Identified the amulet "Ikitofez" {Harm *Drain Str+2} (You
                  | acquired it on level 2 of the Depths)
 62515 | Depths:3 | Found a gateway to a ziggurat.
 62519 | Depths:3 | Reached skill level 10 in Summonings
 62687 | Depths:3 | Gained mutation: You are frail. (-10% HP) [mutagenic glow]
 63153 | Depths:3 | Found a one-way gate leading to the halls of Pandemonium.
 63581 | Depths:3 | Found a runed gate.
 63581 | Depths:3 | Found a runed gate.
 63581 | Depths:3 | Found a runed gate.
 63581 | Depths:3 | Found a runed gate.
 63581 | Depths:3 | Found a runed gate.
 63581 | Depths:3 | Found a runed gate.
 63582 | Depths:3 | Found the +2 Maxwell's thermic engine {flame, freeze}
 63963 | Depths:3 | Paralysed by a floating eye for 3 turns
 66277 | Depths:3 | Learned a level 3 spell: Regeneration
 66280 | Depths:3 | Learned a level 2 spell: Shroud of Golubria
 67100 | Depths:3 | Learned a level 5 spell: Silence
 67168 | Depths:4 | Reached XP level 24. HP: 118/150 MP: 17/36
 67326 | Depths:4 | Identified the ring "Xosan" {rC+ Str+2 Int+3 Dex-4 Stlth+}
                  | (You acquired it on level 4 of the Depths)
 67706 | Depths:4 | Found a runed door.
 68282 | Depths:5 | Entered Level 5 of the Depths
 69879 | Depths:5 | Reached skill level 5 in Hexes
 70124 | Depths:5 | Found a gate to the Realm of Zot.
 70884 | Elf:3    | Bought a box of beasts for 320 gold pieces
 70884 | Elf:3    | Bought a wand of digging (4) for 256 gold pieces
 71033 | Orc:2    | Bought a potion of mutation for 136 gold pieces
 71033 | Orc:2    | Bought a potion of mutation for 136 gold pieces
 71033 | Orc:2    | Bought a potion of haste for 170 gold pieces
 71033 | Orc:2    | Bought a potion of mutation for 136 gold pieces
 71033 | Orc:2    | Bought a potion of brilliance for 68 gold pieces
 71553 | Depths:2 | Identified the ring "Wuhigh" {Ice rN++} (You found it on
                  | level 2 of the Depths)
 71716 | D:13     | Lost mutation: Your spells are a little harder to cast, but
                  | a little more powerful. [potion of mutation]
 71716 | D:13     | Lost mutation: One of your tentacles bears a spike. [potion
                  | of mutation]
 71716 | D:13     | Lost mutation: Your muscles are strong. (Str +2) [potion of
                  | mutation]
 71716 | D:13     | Gained mutation: Your spells are a little harder to cast,
                  | but a little more powerful. [potion of mutation]
 71716 | D:13     | Gained mutation: You tend to lose your temper in combat.
                  | [potion of mutation]
 71716 | D:13     | Gained mutation: Your natural rate of healing is unusually
                  | fast. [potion of mutation]
 71717 | D:13     | Lost mutation: You are frail. (-10% HP) [potion of
                  | mutation]
 71717 | D:13     | Lost mutation: Your spells are a little harder to cast, but
                  | a little more powerful. [potion of mutation]
 71717 | D:13     | Lost mutation: Your natural rate of healing is unusually
                  | fast. [potion of mutation]
 71717 | D:13     | Lost mutation: You tend to lose your temper in combat.
                  | [potion of mutation]
 71717 | D:13     | Gained mutation: Your spells are a little harder to cast,
                  | but a little more powerful. [potion of mutation]
 71925 | Slime:1  | Entered Level 1 of the Pits of Slime
 72049 | Slime:1  | Reached skill level 5 in Maces & Flails
 72067 | Slime:2  | Reached skill level 5 in Invocations
 72884 | Slime:5  | Entered Level 5 of the Pits of Slime
 73044 | Slime:5  | Paralysed by a floating eye for 2 turns
 73116 | Slime:4  | Gained mutation: You occasionally shout uncontrollably at
                  | your foes. [a shining eye]
 73292 | Slime:4  | Reached XP level 25. HP: 175/175 MP: 10/36
 73580 | Slime:5  | Noticed the Royal Jelly
 73583 | Slime:5  | Paralysed by a floating eye for 3 turns
 73785 | Slime:5  | Found a viscous altar of Jiyva.
 73788 | Slime:5  | Found the ring of Phasing {EV+8}
 73815 | Slime:5  | Killed the Royal Jelly
 73959 | Slime:5  | Got a crude brass ring
 73983 | Slime:5  | Identified the ring of the First Gods {+Blink +Fly rElec
                  | rC++ Dex-2} (You found it on level 5 of the Pits of Slime)
 73999 | Slime:5  | Identified the Tome of Ghastly Creation
 74058 | Slime:5  | Identified the +6 spear of Paper {pierce, *Corrode rPois
                  | rC+} (You found it on level 5 of the Pits of Slime)
 74060 | Slime:5  | Got a slimy rune of Zot
 74193 | Slime:4  | Reached skill level 10 in Maces & Flails
 74496 | D:5      | Bought a box of beasts for 280 gold pieces
 74496 | D:5      | Bought a fan of gales for 560 gold pieces
 74716 | Orc:2    | Bought a potion of resistance for 260 gold pieces
 74716 | Orc:2    | Bought a potion of curing for 78 gold pieces
 74718 | Orc:2    | Learned a level 1 spell: Summon Butterflies
 75058 | Zot:1    | Entered Level 1 of the Realm of Zot
 76883 | Depths:5 | Lost mutation: You occasionally shout uncontrollably at
                  | your foes. [mutagenic glow]
 78257 | Vaults:1 | Entered Level 1 of the Vaults
 79235 | Vaults:1 | Reached skill level 15 in Evocations
 79235 | Vaults:1 | Reached XP level 26. HP: 180/180 MP: 36/36
 79724 | Vaults:1 | Found Kasunorph's Weapon Shoppe.
 80110 | Vaults:2 | Found Uceag's Jewellery Shoppe.
 80210 | Vaults:2 | Found Zufruon's Food Emporium.
 80341 | Vaults:2 | Reached skill level 1 in Stealth
 80397 | Vaults:2 | Reached skill level 2 in Stealth
 80491 | Vaults:2 | Reached skill level 3 in Stealth
 80534 | Vaults:2 | Reached skill level 4 in Stealth
 80811 | Vaults:2 | Reached skill level 5 in Stealth
 81011 | Vaults:3 | Reached skill level 6 in Stealth
 81159 | Vaults:3 | Found Roirism's Magic Scroll Boutique.
 81174 | Vaults:3 | Bought a scroll of identify for 38 gold pieces
 81174 | Vaults:3 | Bought a scroll of teleportation for 57 gold pieces
 81174 | Vaults:3 | Bought a scroll of identify for 38 gold pieces
 81174 | Vaults:3 | Bought a scroll of teleportation for 57 gold pieces
 81174 | Vaults:3 | Bought a scroll of fog for 38 gold pieces
 81344 | Vaults:3 | Reached skill level 7 in Stealth
 81563 | Vaults:3 | Found a staircase to the Crypt.
 81563 | Vaults:3 | Found a basalt altar of Yredelemnul.
 81564 | Vaults:3 | Found an ancient bone altar of Kikubaaqudgha.
 81662 | Vaults:3 | Reached skill level 8 in Stealth
 82751 | Vaults:4 | Reached skill level 9 in Stealth
 82828 | Vaults:4 | Reached XP level 27. HP: 149/188 MP: 35/36
 83308 | Vaults:4 | Reached skill level 10 in Stealth
 83365 | Vaults:4 | Noticed Mara
 83382 | Vaults:4 | Noticed iamserjio's illusion
 83735 | Vaults:4 | Killed Mara
 84201 | Vaults:5 | Entered Level 5 of the Vaults
 84258 | Vaults:4 | Reached skill level 11 in Stealth
 84667 | Vaults:5 | Reached skill level 12 in Stealth
 84794 | Vaults:5 | Reached skill level 13 in Stealth
 84886 | Vaults:5 | Reached skill level 14 in Stealth
 84888 | Vaults:5 | Identified the +5 scale mail of Inaction {*Corrode MR++
                  | Dex+2 SInv}
 84905 | Vaults:5 | Identified the +2 plate armour "Echuli" {rF++}
 85094 | Vaults:5 | Reached skill level 15 in Stealth
 85157 | Vaults:5 | Identified the ring "Ogica" {*Tele *Drain rElec rPois Str+7
                  | Stlth+}
 85194 | Vaults:5 | Identified the Incunabulum of Vitriolic Displacement
 85354 | Vaults:5 | Identified the amulet of the Firefly {rN+ Regen+}
 85361 | Vaults:5 | Reached skill level 16 in Stealth
 85464 | Vaults:5 | Got a silver rune of Zot
 85527 | Vaults:5 | Identified the Handbook of Dislocated Stones
 85545 | Vaults:5 | Identified the Catalogue of Stones and the Birds
 85909 | Vaults:5 | Reached skill level 17 in Stealth
 86515 | Vaults:3 | Bought a scroll of acquirement for 988 gold pieces
 86516 | Vaults:3 | Identified the ring of Qenisut {Int+3 Slay+4} (You acquired
                  | it on level 3 of the Vaults)
 87341 | Zig:1    | Entered Level 1 of a ziggurat
 87361 | Zig:2    | Entered Level 2 of a ziggurat
 87487 | Zig:3    | Entered Level 3 of a ziggurat
 87491 | Zig:3    | Found the brooch of Shielding {Reflect SH+8}
 87520 | Zig:4    | Entered Level 4 of a ziggurat
 87533 | Zig:4    | Reached skill level 18 in Stealth
 87923 | Zot:1    | Upgraded the game from 0.23-a0-398-g8eab93f to
                  | 0.23-a0-402-g64599a1
 88476 | Vaults:3 | Bought a scroll of brand weapon for 380 gold pieces
 88480 | Vaults:3 | Bought a scroll of enchant weapon for 142 gold pieces
 88875 | D:15     | Bought a scroll of enchant weapon for 127 gold pieces
 90286 | Zot:2    | Reached skill level 19 in Stealth
 90674 | Zot:3    | Identified the +4 dragonskin cloak
 90674 | Zot:3    | Noticed Tiamat
 90687 | Zot:3    | Reached skill level 20 in Stealth
 91003 | Zot:2    | Killed Tiamat
 91862 | Zot:2    | Reached skill level 21 in Stealth
 92924 | Zot:3    | Reached skill level 22 in Stealth
 93366 | Zot:3    | Reached skill level 23 in Stealth
 94165 | Zot:4    | Reached skill level 24 in Stealth
 95769 | Zot:5    | Entered Level 5 of the Realm of Zot
 95871 | Zot:4    | Reached skill level 25 in Stealth
 95941 | Zot:5    | Noticed an ancient lich
 95962 | Zot:4    | Killed an ancient lich
 95962 | Zot:4    | Reached skill level 1 in Transmutations
 95962 | Zot:4    | Reached skill level 1 in Earth Magic
 96561 | Zot:5    | Reached skill level 10 in Invocations
 96932 | Zot:5    | Noticed an orb of fire
 96957 | Zot:5    | Killed an orb of fire
 96961 | Zot:5    | Noticed an orb of fire
 96970 | Zot:5    | Gained mutation: You are frail. (-10% HP) [an orb of fire]
 96974 | Zot:5    | Killed an orb of fire
 97283 | Zot:5    | Noticed an orb of fire
 97288 | Zot:5    | Gained mutation: Your magical capacity is low. (-10% MP)
                  | [an orb of fire]
 97302 | Zot:5    | Gained mutation: You are resistant to hostile enchantments.
                  | (MR+) [an orb of fire]
 97305 | Zot:5    | Killed an orb of fire
 97780 | Zot:5    | Lost mutation: You are frail. (-10% HP) [potion of
                  | mutation]
 97780 | Zot:5    | Lost mutation: Your magical capacity is low. (-10% MP)
                  | [potion of mutation]
 97780 | Zot:5    | Lost mutation: Your spells are a little harder to cast, but
                  | a little more powerful. [potion of mutation]
 97780 | Zot:5    | Lost mutation: You are resistant to hostile enchantments.
                  | (MR+) [potion of mutation]
 97780 | Zot:5    | Gained mutation: One of your tentacles bears a spike.
                  | [potion of mutation]
 97837 | Zot:5    | Got the Orb of Zot
 97910 | Zot:5    | Reached skill level 1 in Throwing
 98586 | D:$      | Escaped with the Orb!

Vault maps used:
D:1:      ebering_hopf_link
D:2:      minmay_roachtagon, minmay_distorted, uniq_jessica,
          uniq_crazy_yiuf_cottage, uniq_sigmund
D:3:      first_ration, uniq_grinder
D:5:      temple_statues, serial_shops, shop, gammafunk_ghost_cemetery
D:6:      minivault_10
D:7:      gammafunk_ghost_necromancy, minmay_nine_imps, uniq_pikel
D:8:      minmay_the_grid_octo_triangle, uniq_grum
D:9:      nicolae_ru_the_path_less_chosen, basic_altar, serial_shops,
          nicolae_shop_temple_entry_statues_fountains, hangedman_pestilent_swarm
D:10:     gammafunk_ghost_hive, st_stairs_5
D:11:     minmay_lair_entry_grove, item_on_display_a
D:12:     orc_david_3
D:13:     david_vaults_2, lightli_minifort
D:15:     grunt_enter_depths_magical_seal, hangedman_abyss_or_decor_stagger,
          serial_shops, shop, minivault_13
Temple:   dpeg_three_leaves_temple
Lair:1:   nicolae_lair_grove_arrangements, grunt_megastairs_4,
          infiniplex_staircase_pool_2, minmay_lair_oklob_chamber
Lair:2:   nicolae_swamp_entry_splash_gauntlet, nicolae_spider_entry_non_spiders
Lair:3:   serial_bayou_lake_a
Lair:4:   grunt_megastairs_3
Lair:5:   eino_house_with_fridge, lemuel_fruit_fields, grunt_megastairs_2,
          uniq_josephine
Lair:6:   hangedman_lair_in_review, slime_altar_1
Swamp:1:  gammafunk_ghost_grave, evilmike_swamp_ruin_rubble_1, swamp_pool1
Swamp:2:  nicolae_swamp_dense_foliage
Swamp:3:  serial_swamp_ruin, hangedman_swamp_ruin_wall,
          evilmike_swamp_ruin_house_4, uniq_roxanne
Swamp:4:  swamp_alternative, swamp_pool5
Spider:1: ebering_ghost_inner_flame
Spider:2: uniq_louise
Spider:3: uniq_agnes, uniq_nikola, uniq_azrael, uniq_arachne
Spider:4: guppyfry_spider_rune, spider_trap
Orc:1:    enter_bailey_2, nicolae_orc_stony_grotto
Orc:2:    st_orc_elflike, serial_shops, nicolae_shop_crystal
Elf:1:    minmay_elf_arrival_circle, serial_shops, shop, minmay_elf_demonology,
          kilobyte_mutagenic_chamber
Elf:2:    basic_altar, st_stairs_7
Elf:3:    minmay_elf_hall_spiked, serial_shops, nicolae_shop_statue_plus,
          evilmike_minifort, minmay_shop_grove, uniq_donald
Vaults:1: v_misc_15, hangedman_vaults_corner_blocks, v_misc_15,
          hangedman_vaults_nails, hangedman_vaults_pinch, vaults_room_pool,
          vaults_room_pool, hangedman_vaults_locks,
          vaults_room_grunt_arrival_ludios, serial_ice_m, serial_shops,
          nicolae_shop_waterfront
Vaults:2: v_misc_27, ontoclasm_vaults_ligature, serial_ice_m,
          ontoclasm_vaults_gallery, hangedman_vaults_restitches,
          vaults_room_stairs_pillars, ontoclasm_vaults_pinch, vaults_dpeg_doors,
          serial_shops, shop, shop_fountains
Vaults:3: ontoclasm_vaults_tryst, ontoclasm_vaults_gateway,
          nicolae_vaults_specimen_jars, minmay_crypt_entry_necro_gods,
          hangedman_vaults_maws, nicolae_vaults_network_periphery,
          nicolae_vaults_little_squares_2, vaults_dpeg_ring,
          vaults_room_semicircle, nicolae_vaults_little_ls, serial_shops,
          nicolae_shop_crystal
Vaults:4: nicolae_vaults_little_squares_5, dpeg_vaults_monster_box, st_star,
          nicolae_vaults_yaktaur_gun_rack, uniq_mara
Depths:1: abyss_entry_small_statue_room, serial_shops, shop,
          chequers_serial_rivers_micro_d, grunt_hell_horde, due_unseen_surprise,
          serial_bayou_shore_b
Depths:2: minmay_expanding_circles, hangedman_coc_ice_floe,
          kennysheep_cluttered_room
Depths:3: minmay_big_diamond_grid, enter_ziggurat_a, rand_demon_pan_entry_7,
          hell_entry, minivault_14, interstate_on_off,
          brannock_guarded_unrand_thermic_engine
Depths:4: minmay_gate_of_8, abyss_entry, hell_entry, infiniplex_staircase_star
Depths:5: evilmike_zot_entry_gauntlet, hell_entry
Zot:1:    grunt_megastairs_5
Zot:2:    basic_stair_grate_trap
Zot:3:    kennysheep_blocky_hall, st_single_dragon_hoard_4, uniq_tiamat
Zot:4:    st_stairs_10
Abyss:2:  evilmike_abyss_exit_chaos, hangedman_abyss_shoalhut
Abyss:3:  evilmike_abyss_exit_plants
Bailey:   bailey_axe_minmay_hex_keep, bailey

Skill      XL: |  1  2  3  4  5  6  7  8  9 10 11 12 13 14 15 16 17 18 19 20 21 22 23 24 25 26 27 |
---------------+----------------------------------------------------------------------------------+-----
Polearms       | 2 3 4 6 12 13 14 | 14.0
Dodging        | 3 4 6 8 9 10 12 13 14 15 16 17 18 | 18.0
Fighting       | 3 4 6 7 8 9 10 11 12 13 14 16 17 19 20 21 22 23 | 23.0
Maces & Flails | 1 2 8 13 14 | 14.0
Charms         | 1 2 4 5 6 |  6.0
Evocations     | 5 8 9 10 11 12 14 15 16 20 | 20.3
Invocations    | 4 6 7 12 | 12.8
Air Magic      | 3 5 6 7 8 |  8.0
Poison Magic   | 2 |  2.1
Conjurations   | 1 |  1.2
Spellcasting   | 2 4 5 6 8 9 |  9.0
Shields        | 4 10 14 15 | 15.0
Summonings     | 3 6 7 8 9 11 12 13 | 13.0
Necromancy     | 2 |  2.0
Translocations | 2 |  2.0
Ice Magic      | 2 |  2.0
Hexes          | 5 6 7 |  7.0
Stealth        | 9 25 | 25.0
Transmutations | 2 |  2.0
Earth Magic    | 2 |  2.0
Throwing       | 3 |  3.5

Action                   |  1- 3 |  4- 6 |  7- 9 | 10-12 | 13-15 | 16-18 | 19-21 | 22-24 | 25-27 || total
-------------------------+-------+-------+-------+-------+-------+-------+-------+-------+-------++-------
Melee: Spear             |    74 |    74 |       |   190 |  1608 |   241 |       |       |       ||  2187
       Constrict         |    17 |    23 |    76 |   112 |   121 |   159 |   229 |   118 |   293 ||  1148
       Tentacles         |     9 |    14 |    61 |   165 |   396 |   223 |   503 |   644 |   875 ||  2890
       Whip              |       |    30 |   131 |       |       |       |       |       |       ||   161
       Quarterstaff      |       |       |   142 |       |       |       |       |       |       ||   142
       Battleaxe         |       |       |     6 |   307 |       |       |       |       |       ||   313
       Flail             |       |       |       |   160 |       |       |       |       |       ||   160
       War axe           |       |       |       |       |     9 |       |       |       |       ||     9
       Trident           |       |       |       |       |       |   630 |  2222 |  2185 |    46 ||  5083
       Kick              |       |       |       |       |       |       |       |   879 |    26 ||   905
       Demon whip        |       |       |       |       |       |       |       |       |  1921 ||  1921
       Demon trident     |       |       |       |       |       |       |       |       |   883 ||   883
 Fire: Blowgun           |       |       |     9 |       |       |       |       |       |       ||     9
Throw: Tomahawk          |     2 |       |     4 |     2 |       |       |       |       |       ||     8
       Javelin           |       |       |       |       |     3 |       |       |       |       ||     3
 Cast: Mephitic Cloud    |       |       |       |       |     4 |    20 |    11 |       |       ||    35
       Animate Skeleton  |       |       |       |       |    14 |    43 |    28 |    59 |    24 ||   168
       Summon Lightning  |       |       |       |       |       |     9 |    21 |     4 |     1 ||    35
       Apportation       |       |       |       |       |       |       |     7 |       |       ||     7
       Deflect Missiles  |       |       |       |       |       |       |     3 |     2 |     3 ||     8
       Shadow Creatures  |       |       |       |       |       |       |       |    29 |    72 ||   101
       Regeneration      |       |       |       |       |       |       |       |     6 |    52 ||    58
       Blink             |       |       |       |       |       |       |       |       |     4 ||     4
       Passwall          |       |       |       |       |       |       |       |       |     3 ||     3
       Ozocubu's Armour  |       |       |       |       |       |       |       |       |     2 ||     2
       Silence           |       |       |       |       |       |       |       |       |     1 ||     1
       Shroud of Golubri |       |       |       |       |       |       |       |       |     1 ||     1
Invok: Ancestor Identity |       |       |     1 |       |     2 |       |       |       |       ||     3
       Recall Ancestor   |       |       |     1 |     5 |    15 |    13 |    15 |    10 |    21 ||    80
       Ancestor Life: Kn |       |       |       |     1 |       |       |       |       |       ||     1
       Idealise          |       |       |       |       |    14 |     5 |     8 |    12 |     5 ||    44
 Abil: Evoke Invisibilit |       |       |       |     3 |     4 |       |       |     1 |    13 ||    21
Evoke: Lamp of fire      |       |     1 |     1 |     2 |     3 |     2 |     3 |     2 |     2 ||    16
       Wand              |       |       |    14 |    20 |    37 |    10 |    26 |    12 |    13 ||   132
       Lightning rod     |       |       |       |     1 |    15 |       |     1 |    10 |       ||    27
       Sack of spiders   |       |       |       |       |     1 |       |       |     3 |     3 ||     7
       Phial of floods   |       |       |       |       |       |       |       |     4 |       ||     4
       Box of beasts     |       |       |       |       |       |       |       |       |     6 ||     6
       Phantom mirror    |       |       |       |       |       |       |       |       |     3 ||     3
  Use: Scroll            |       |       |     7 |    12 |    17 |    13 |    13 |    21 |    46 ||   129
       Potion            |       |       |     1 |     2 |     3 |     6 |    22 |     9 |    20 ||    63
 Stab: Sleeping          |     2 |    15 |    13 |    22 |    25 |     3 |    21 |    16 |    28 ||   145
       Paralysed         |       |       |     5 |    30 |    61 |    11 |     7 |       |       ||   114
       Distracted        |       |       |     1 |     2 |    22 |     7 |    41 |    33 |    44 ||   150
       Petrified         |       |       |     1 |       |       |       |       |       |       ||     1
       Invisible         |       |       |       |     5 |    11 |       |     3 |       |    53 ||    72
       Confused          |       |       |       |       |     1 |     3 |     6 |       |       ||    10
  Eat: Chunk             |     2 |     7 |    15 |    28 |    41 |    16 |    23 |    16 |    25 ||   173
       Ration            |       |       |     2 |       |     6 |     5 |    11 |    14 |    27 ||    65
Armor: Skin              |     7 |     1 |     4 |     9 |     9 |     5 |    20 |    53 |    38 ||   146
Dodge: Dodged            |    36 |    29 |   181 |   723 |   819 |   621 |   943 |  1119 |  1527 ||  5998
       Deflected         |       |       |       |       |       |       |     5 |    16 |    34 ||    55
Block: Other             |       |       |       |    19 |       |       |       |       |       ||    19
       Reflection        |       |       |       |     1 |       |       |       |       |     2 ||     3
       Shield            |       |       |       |       |   470 |   705 |   938 |  1125 |  1733 ||  4971

Table legend:
 A = Non-vault XP
 B = Vault XP
 C = Vault XP percentage of total XP
 D = Non-vault monster count
 E = Vault monster count
 F = Vault count percentage of total count
                 A         B        C        D         E       F
            +---------+---------+-------+---------+---------+-------
      Total |  966210 |  726115 |  42.9 |    1900 |     830 |  30.4
            +---------+---------+-------+---------+---------+-------
        D:1 |      26 |       0 |   0.0 |      12 |       0 |   0.0
        D:2 |      91 |     308 |  77.2 |      26 |      13 |  33.3
        D:3 |     177 |     286 |  61.8 |      25 |       1 |   3.8
        D:4 |     819 |       0 |   0.0 |      35 |       0 |   0.0
        D:5 |     766 |     921 |  54.6 |      20 |       4 |  16.7
        D:6 |     648 |       0 |   0.0 |      17 |       0 |   0.0
        D:7 |     519 |    1645 |  76.0 |      18 |      13 |  41.9
        D:8 |    2109 |    2773 |  56.8 |      43 |      20 |  31.7
        D:9 |    3937 |     355 |   8.3 |      38 |       4 |   9.5
       D:10 |    1395 |    2100 |  60.1 |      24 |      11 |  31.4
       D:11 |    4985 |    2054 |  29.2 |      34 |      13 |  27.7
       D:12 |    7239 |     568 |   7.3 |      43 |       7 |  14.0
       D:13 |    3848 |    2514 |  39.5 |      16 |       9 |  36.0
       D:14 |   16974 |       0 |   0.0 |      40 |       0 |   0.0
       D:15 |   22278 |   10446 |  31.9 |      54 |      16 |  22.9
     Lair:1 |    3980 |    2923 |  42.3 |      19 |      10 |  34.5
     Lair:2 |    6367 |    1252 |  16.4 |      17 |      13 |  43.3
     Lair:3 |    5798 |       0 |   0.0 |      25 |       0 |   0.0
     Lair:4 |    3335 |    1295 |  28.0 |      11 |       5 |  31.2
     Lair:5 |    9157 |    2550 |  21.8 |      33 |      16 |  32.7
     Lair:6 |    6077 |    7805 |  56.2 |      17 |      18 |  51.4
    Swamp:1 |    6639 |    1405 |  17.5 |      22 |       1 |   4.3
    Swamp:2 |   10086 |       0 |   0.0 |      22 |       0 |   0.0
    Swamp:3 |   11255 |       0 |   0.0 |      34 |       0 |   0.0
    Swamp:4 |    4572 |   14508 |  76.0 |      15 |      26 |  63.4
   Spider:1 |   13098 |    1797 |  12.1 |      40 |       2 |   4.8
   Spider:2 |   25398 |    1734 |   6.4 |      70 |       1 |   1.4
   Spider:3 |   15309 |   11331 |  42.5 |      39 |       8 |  17.0
   Spider:4 |    9466 |   23248 |  71.1 |      25 |      40 |  61.5
    Slime:1 |   11340 |       0 |   0.0 |      13 |       0 |   0.0
    Slime:2 |    7016 |       0 |   0.0 |       6 |       0 |   0.0
    Slime:3 |    1599 |       0 |   0.0 |       5 |       0 |   0.0
    Slime:4 |   10033 |       0 |   0.0 |      13 |       0 |   0.0
    Slime:5 |    9911 |   28491 |  74.2 |      22 |      14 |  38.9
      Orc:1 |    5434 |       0 |   0.0 |      50 |       0 |   0.0
      Orc:2 |    2632 |    8444 |  76.2 |      28 |      25 |  47.2
      Elf:1 |   18100 |    7273 |  28.7 |      30 |      12 |  28.6
      Elf:2 |   11261 |   25364 |  69.3 |      23 |      33 |  58.9
      Elf:3 |   20240 |   65831 |  76.5 |      32 |      55 |  63.2
   Vaults:1 |   51308 |   18019 |  26.0 |      76 |      35 |  31.5
   Vaults:2 |   40781 |    8840 |  17.8 |      73 |      12 |  14.1
   Vaults:3 |   55334 |    8584 |  13.4 |      89 |      11 |  11.0
   Vaults:4 |   39875 |   35239 |  46.9 |      83 |      32 |  27.8
   Vaults:5 |   19495 |  121202 |  86.1 |      46 |      88 |  65.7
   Depths:1 |   29250 |    9084 |  23.7 |      50 |      19 |  27.5
   Depths:2 |   31315 |   44290 |  58.6 |      48 |      29 |  37.7
   Depths:3 |   54181 |   54622 |  50.2 |      63 |      53 |  45.7
   Depths:4 |   24260 |   13521 |  35.8 |      31 |       8 |  20.5
   Depths:5 |   46428 |   19411 |  29.5 |      38 |      20 |  34.5
      Zot:1 |   35342 |    4205 |  10.6 |      24 |       2 |   7.7
      Zot:2 |   47525 |   13978 |  22.7 |      29 |       8 |  21.6
      Zot:3 |   56516 |   15864 |  21.9 |      37 |      10 |  21.3
      Zot:4 |   37304 |   14722 |  28.3 |      24 |       4 |  14.3
      Zot:5 |   45299 |  111482 |  71.1 |      22 |      40 |  64.5
    Abyss:2 |   41414 |       0 |   0.0 |      92 |       0 |   0.0
    Abyss:3 |    4028 |       0 |   0.0 |       4 |       0 |   0.0
      Zig:1 |    1008 |       0 |   0.0 |       3 |       0 |   0.0
      Zig:2 |    4143 |       0 |   0.0 |       2 |       0 |   0.0
      Zig:3 |    3796 |       0 |   0.0 |       5 |       0 |   0.0
      Zig:4 |    3694 |       0 |   0.0 |       5 |       0 |   0.0
     Bailey |       0 |    3831 | 100.0 |       0 |      69 | 100.0
            +---------+---------+-------+---------+---------+-------
